 Dungeon Crawl Stone Soup version 0.20.1-1-g8b1a95d (webtiles) character file.

101 Dreamer the Insei (level 4, -4/29 HPs)
             Began as an Octopode Transmuter on Sept 19, 2017.
             Killed from afar by an orc wizard (5 damage)
             ... with a puff of flame
             ... on level 3 of the Dungeon.
             The game lasted 00:11:15 (3118 turns).

Dreamer the Insei (Octopode Transmuter)             Turns: 3118, Time: 00:11:15

Health: -4/29      AC:  1    Str: 14    XL:     4   Next: 75%
Magic:  7/7        EV: 14    Int: 15    God:
Gold:   191        SH:  0    Dex: 12    Spells: 2/7 levels left

rFire    . . .     SeeInvis .     - Unarmed
rCold    . . .     Gourm    .   (no shield)
rNeg     . . .     Faith    .   (helmet restricted)
rPois    +         Spirit   .   (no amulet)
rElec    .         Reflect  .   e - +4 ring of strength
rCorr    .         Harm     .   (no ring)
MR       .....                  (no ring)
Stlth    ++........             (no ring)
Regen    0.1/turn               (no ring)
MPRegen  0.1/turn               (no ring)
                                (no ring)
                                (no ring)

@: no status effects
A: almost no armour, stealthy swim, amphibious, 8 rings, constrict 8, camouflage
1, blurry vision 1, poison resistance, gelatinous body 1
a: no special abilities


You were on level 3 of the Dungeon.
You were hungry.

You visited 1 branch of the dungeon, and saw 3 of its levels.

You collected 191 gold pieces.

Inventory:

Jewellery
 e - a +4 ring of strength (left tentacle)
Scrolls
 d - a scroll of remove curse {unknown}
 h - 2 scrolls of identify
 j - a scroll of enchant armour {unknown}
 l - a scroll of magic mapping {unknown}
 m - 2 scrolls of teleportation {unknown}
 n - 2 scrolls of amnesia {unknown}
 q - a scroll of immolation {unknown}
Potions
 g - 4 potions of haste
 i - a potion of resistance {unknown}
Books
 b - a book of Changes

   Spells                             Type                      Level
   a - Beastly Appendage              Transmutation                1
   b - Sticks to Snakes               Transmutation                2
   c - Spider Form                    Transmutation/Poison         3
   d - Ice Form                       Ice/Transmutation            4
   e - Blade Hands                    Transmutation                5
Comestibles
 c - a bread ration
 k - 6 fruits
 o - a royal jelly
 p - 2 meat rations


   Skills:
 + Level 2.0 Fighting
 + Level 2.6 Dodging
 + Level 3.6 Unarmed Combat
 + Level 2.3 Spellcasting
 * Level 3.0 Transmutations


You had 2 spell levels left.
You knew the following spells:

 Your Spells              Type           Power        Failure   Level  Hunger
a - Beastly Appendage     Tmut           ##....       6%          1    #......
b - Ice Form              Ice/Tmut       #.......     75%         4    #####..


Dungeon Overview and Level Annotations

Branches:
Dungeon (3/15)

Altars:
Ashenzari

Annotations:
D:3 BlackCap's ghost, amateur DsGl; Sigmund


Innate Abilities, Weirdness & Mutations

You cannot wear most types of armour.
You are very stealthy in the water. (Stealth+)
You are amphibious.
You can wear up to eight rings at the same time.
You can use your tentacles to constrict eight enemies at once.
Your skin changes colour to match your surroundings (Stealth+).
Your rubbery body absorbs attacks. (AC +1, EV +1)
Scrolls take you a little longer to read.
Your system is resistant to poisons. (rPois)


Message History

The orc wizard gestures at you while chanting.
You resist with some effort.
You feel less confused. The orc wizard barely misses you. Something hits you.
An orc comes into view.
The orc wizard barely misses you.
A puff of flame appears from out of thin air!
The puff of flame hits you!
* * * LOW HITPOINT WARNING * * *
There is a large open door here.
There isn't anything here!
Sorry, you're not good enough to have a special ability.
Cast which spell? (? or * to list)
Okay, then.
The orc wizard gestures at you while chanting.
The magic dart hits you!
* * * LOW HITPOINT WARNING * * *
The orc wizard points at you and mumbles some strange words.
The puff of flame hits you!
You die...

.####.........+............#.....
.......(......#.......#.####...##
..............#.........#⌠.##'#..
..............#.........#........
..............#......#####.......
..............#......#...#....[..
..#........'###......#...'..._...
..#........'.o.......)...#.......
..#........#####@.....####.......
..#....##### #........#........
..#....# #........#⌠.##'##.
..#....# #####....####....#
..###### #.......#...#.
###.....#..... ###...##+##.
###....... ####....


You could see an orc wizard.

Vanquished Creatures
  2 adders
  A worm (D:2)
  3 dart slugs
  A leopard gecko (D:2)
  An orc (D:3)
  2 ball pythons (D:3)
  9 bats
  A giant cockroach (D:3)
  5 goblins
  10 hobgoblins
  4 jackals (D:1)
  7 frilled lizards
  11 kobolds
  11 rats
68 creatures vanquished.

Notes
Turn   | Place    | Note
-------+----------+-------------------------------------------
     0 | D:1      | Dreamer the Octopode Transmuter began the quest for the Orb.
     0 | D:1      | Reached XP level 1. HP: 13/13 MP: 3/3
   263 | D:1      | Reached XP level 2. HP: 18/18 MP: 5/5
   978 | D:1      | Reached XP level 3. HP: 19/23 MP: 6/6
  1692 | D:2      | Reached XP level 4. HP: 23/29 MP: 7/7
  2379 | D:2      | Learned a level 4 spell: Ice Form
  2432 | D:3      | Found a shattered altar of Ashenzari.
  2550 | D:3      | Noticed BlackCap's ghost (amateur DsGl)
  2689 | D:3      | Noticed Sigmund
  2863 | D:3      | Gained mutation: Scrolls take you a little longer to read. [potion of mutation]
  2863 | D:3      | Gained mutation: Your system is resistant to poisons. (rPois) [potion of mutation]
  3116 | D:3      | HP: 1/29 [orc wizard/magic dart (6)]
  3118 | D:3      | Killed from afar by an orc wizard

Skill      XL: |  1  2  3  4 |
---------------+-------------+-----
Fighting       | 2 |  2.0
Transmutations | 3 |  3.0
Dodging        | |  2.6
Unarmed Combat | |  3.6
Spellcasting   | |  2.3

Action                   |  1- 3 |  4- 6 || total
-------------------------+-------+-------++-------
Melee: Unarmed           |    83 |    63 ||   146
       Constrict         |    22 |    15 ||    37
       Tentacles         |    15 |     9 ||    24
       Punch             |     3 |       ||     3
  Use: Scroll            |       |     3 ||     3
       Potion            |       |     1 ||     1
 Stab: Sleeping          |     5 |     7 ||    12
  Eat: Chunk             |     2 |     4 ||     6
Armor: Skin              |     9 |     4 ||    13
Dodge: Dodged            |    54 |    42 ||    96
